 Dungeon Crawl Stone Soup version 0.31-a0-1074-g0b22e4e0f1 (webtiles) character file.

Game seed: 633911742126699990

126 experimilk the Caller (level 4, -1/24 HPs)
             Began as a Deep Elf Summoner on Dec 8, 2023.
             Slain by a bullfrog (6 damage)
             ... on level 3 of the Dungeon.
             The game lasted 00:13:46 (3010 turns).

experimilk the Caller (Deep Elf Summoner)           Turns: 3010, Time: 00:13:46

Health: -1/24      AC:  2    Str:  5    XL:     4   Next: 84%
Magic:  8/13       EV: 12    Int: 22    God:
Gold:   170        SH:  0    Dex: 15    Spells: 7/13 levels left

rFire   . . .        g - +0 sling
rCold   . . .        (no shield)
rNeg    . . .        a - +0 robe
rPois   .            (no helmet)
rElec   .            (no cloak)
rCorr   .            (no gloves)
SInv    +            (no boots)
Will    .....        (no amulet)
Stlth   ++           k - ring of see invisible
HPRegen 0.24/turn    (no ring)
MPRegen 0.13/turn

%: no passive effects
@: no status effects
A: no striking features
a: no special abilities


You were on level 3 of the Dungeon.
You visited 1 branch of the dungeon, and saw 3 of its levels.

You collected 170 gold pieces.

Inventory:

Hand Weapons
 d - a +0 short sword
 g - a +0 sling (weapon)
Armour
 a - a +0 robe (worn)
Jewellery
 k - a ring of see invisible (left hand)
Wands
 j - a wand of charming (10)
Scrolls
 e - a scroll of fear {unknown}
 h - a scroll of fog {unknown}
Potions
 b - a potion of magic
 c - 3 potions of heal wounds
 f - a potion of attraction {unknown}
 i - 2 potions of curing
 l - a potion of lignification {unknown}


   Skills:
 - Level 2.4 Dodging
 - Level 2.4 Stealth
 + Level 5.3 Spellcasting
 + Level 5.7 Summonings


You had 7 spell levels left.
You knew the following spells:

 Your Spells              Type           Power      Damage    Failure   Level
c - Call Canine Familiar  Summ           31%        N/A       2%          3
x - Call Imp              Summ           62%        N/A       1%          2
z - Summon Small Mammal   Summ           100%       N/A       1%          1

Your spell library contained the following spells:

 Spells                   Type           Power      Damage    Failure   Level
 Summon Guardian Golem    Hex/Summ       18%        N/A       9%          3
 Scorch                   Fire           10%        2d5       16%         2
 Dazzling Flash           Conj/Hex       10%        N/A       30%         3
 Summon Lightning Spire   Summ/Air       18%        N/A       30%         4
 Flame Wave               Conj/Fire      5%         2d5       69%         4
 Summon Cactus Giant      Summ           15%        N/A       80%         6
 Agony                    Necr           5%         N/A       95%         5
 Silence                  Hex/Air        2%         N/A       95%         5


Dungeon Overview and Level Annotations

Branches:
Dungeon (3/15)

Altars:


Message History

The hobgoblin misses your quokka.
Unknown command.
Your quokka bites the hobgoblin.
The hobgoblin dies!
Your quokka disappears in a puff of smoke!
Your quokka disappears in a puff of smoke!
Your hound disappears in a puff of smoke!
Your cerulean imp disappears in a puff of smoke!
Magic restored.
You see here a +0 kite shield of reflection.
A rat comes into view.
A bullfrog comes into view.
Casting: Call Canine Familiar (dangerous; 2% risk of failure)
Confirm with . or Enter, or press ? or * to list all spells.
Casting: Summon Small Mammal (safe; 1% risk of failure)
Confirm with . or Enter, or press ? or * to list all spells.
The bullfrog closely misses you. The bullfrog hits you.
Your quokka bites the bullfrog.
The rat closely misses you. The bullfrog closely misses you.
The bullfrog hits you!
Your hound barely misses the bullfrog.
Unknown command.
You see here a +0 kite shield of reflection.
Unknown command.
Casting: Call Canine Familiar (dangerous; 2% risk of failure)
Confirm with . or Enter, or press ? or * to list all spells.
A tiny devil pulls itself out of the air.
The bullfrog hits you.
Your quokka closely misses the bullfrog.
Something bites your quokka. The bullfrog hits you.
Your quokka bites the bullfrog.
Something bites your quokka. The bullfrog attacks as it pursues you!
The bullfrog barely misses you.
Your cerulean imp hits the bullfrog from afar with a -1 spear.
Unknown command.
The bullfrog attacks as it pursues you! The bullfrog barely misses you.
The bullfrog hits you.
* * * LOW HITPOINT WARNING * * *
Unknown command.
The rat bites your cerulean imp but does no damage.
The bullfrog attacks as it pursues you! The bullfrog hits you.
You die...

# .# ...
##############...
######................
..
.......#####...#.##..
..# ...<............@#
.!..
..##########...#F#
#.... ..# ##.##.###...
..### ####r#... ....#
#5#.# .##.# #.r.#
.##.# ###h# .##.# .#
.##.# .#


You could see a bullfrog (ally target), a rat (ally target), a friendly cerulean
imp (summoned) and a friendly quokka (summoned).

Vanquished Creatures
  A bat (D:1)
  A giant cockroach (D:2)
  3 goblins (D:2)
  A hobgoblin (D:2)
  2 jackals (D:1)
  A kobold (D:1)
  A ball python (D:1)
  A frilled lizard (D:1)
  3 rats (D:1)
14 creatures vanquished.

Vanquished Creatures (collateral kills)
  Robin (D:2)
  3 gnolls (D:2)
  A worm (D:2)
  2 dart slugs
  4 ball pythons
  3 bats
  4 giant cockroaches
  6 hobgoblins
  12 jackals
  7 kobolds
  2 quokkas (D:1)
  A frilled lizard (D:1)
  8 goblins (D:2)
54 creatures vanquished.

Grand Total: 68 creatures vanquished

Notes
Turn   | Place    | Note
-------+----------+-------------------------------------------
     0 | D:1      | experimilk the Deep Elf Summoner began the quest for the
                  | Orb.
     0 | D:1      | Reached XP level 1. HP: 10/10 MP: 6/6
   263 | D:1      | Reached XP level 2. HP: 15/15 MP: 3/8
   344 | D:1      | Learned a level 2 spell: Call Imp
  1092 | D:1      | Reached XP level 3. HP: 19/19 MP: 8/10
  1272 | D:1      | Learned a level 3 spell: Call Canine Familiar
  1273 | D:1      | Reached skill level 5 in Summonings
  1906 | D:2      | Reached XP level 4. HP: 21/24 MP: 4/12
  1985 | D:2      | Noticed Robin
  1996 | D:2      | Killed Robin
  2528 | D:2      | Reached skill level 5 in Spellcasting
  3001 | D:3      | Noticed a bullfrog
  3010 | D:3      | Slain by a bullfrog

Illustrated notes

Levels and vault maps discovered:
D:1:      spicycebolla_arrival_ecumenical, layout_basic, dk_noncrumbling_3,
          minmay_octomino_c4
D:2:      minmay_wonky_spiral, layout_loops_cross, uniq_robin
D:3:      layout_loops_ring

Skill      XL: |  1  2  3  4 |
---------------+-------------+-----
Spellcasting   | 4 5 |  5.3
Summonings     | 5 |  5.7
Dodging        | |  2.4
Stealth        | |  2.4

Action                     |  1- 3 |  4- 6 || total
---------------------------+-------+-------++-------
  Melee: Short sword       |     8 |       ||     8
         Unarmed           |     1 |       ||     1
   Fire: Sling             |    27 |    13 ||    40
   Cast: Summon Small Mamm |    35 |    20 ||    55
         Call Imp          |    13 |     9 ||    22
         Call Canine Famil |     4 |     6 ||    10
    Use: Scroll            |       |     3 ||     3
 Armour: Robe              |    22 |    11 ||    33
  Dodge: Dodged            |    22 |    11 ||    33

Table legend: (Time is in decaauts)
 A = Elapsed time spent in this place.
 B = Non-inter-level travel time spent in this place.
 C = Inter-level travel time spent in this place.
 D = Time resting spent in this place.
 E = Time spent auto-exploring this place.
 F = Levels seen in this place.
 G = Mean time per level.
                   A        B        C        D        E       F      G
               +--------+--------+--------+--------+--------+-----+--------+
         Total |   3023 |   2940 |     83 |    390 |   1939 |   3 | 1007.7 |
       Dungeon |   3023 |   2940 |     83 |    390 |   1939 |   3 | 1007.7 |
               +--------+--------+--------+--------+--------+-----+--------+

Top non-repeatable levels by time:
     D:1: 1578 daAuts
     D:2: 1344 daAuts
     D:3: 101 daAuts
